 Dungeon Crawl Stone Soup version 0.27.1-1-g398f81649c (webtiles) character file.

Game seed: 10190758248735453557

10689 pokedragonboy the Blocker (level 11, 0/89 HPs)
             Began as a Gnoll Fighter on Sept 16, 2021.
             Was a Priest of Cheibriados.
             Succumbed to a black mamba's poison
             ... on level 1 of the Lair of Beasts.
             The game lasted 00:39:54 (13758 turns).

pokedragonboy the Blocker (Gnoll Fighter)          Turns: 13758, Time: 00:39:55

Health: 0/89       AC: 18    Str: 25    XL:     11   Next: 66%
Magic:  11/20      EV: 11    Int: 15    God:    Cheibriados [***...]
Gold:   1389       SH: 13    Dex: 25    Spells: 17/23 levels left

rFire    x . .     SeeInvis .   m - +5 flail of Causality {vorpal, rElec rF- rCorr}
rCold    . . .     Faith    .   c - +0 kite shield
rNeg     . . .     Spirit   +   L - +0 plate armour
rPois    .         Reflect  .   o - +0 helmet
rElec    +         Harm     .   k - +0 cloak
rCorr    +         Rampage  .   (no gloves)
Will     .....                  q - +0 pair of boots
Stlth    ..........             e - amulet of guardian spirit
HPRegen  0.24/turn              r - +6 ring of dexterity
MPRegen  0.17/turn              (no ring)

@: lethally poisoned (0 -> -5), very slow
A: fangs 1, strong nose, distributed training
a: Renounce Religion, Bend Time, Temporal Distortion


You were on level 1 of the Lair of Beasts.
You worshipped Cheibriados.
Cheibriados was most pleased with you.
You visited 3 branches of the dungeon, and saw 11 of its levels.

You collected 1389 gold pieces.

Inventory:

Hand Weapons
 a - a +2 flail of protection
 b - a +2 vorpal hunting sling
 i - a +1 dagger of draining
 m - the +5 flail of Causality (weapon) {vorpal, rElec rF- rCorr}
   (You found it on level 9 of the Dungeon)

   It inflicts extra damage upon your enemies.
   rF:        It makes you vulnerable to fire.
   rElec:     It insulates you from electricity.
   rCorr:     It protects you from acid and corrosion.
 y - a +3 spectral quarterstaff
 F - a +3 demon trident
 H - a +0 war axe
Missiles
 d - 4 throwing nets
 h - 2 silver boomerangs (quivered)
 s - 2 silver javelins
 I - 29 sling bullets
Armour
 c - a +0 kite shield (worn)
 k - a +0 cloak (worn)
 o - a +0 helmet (worn)
 q - a +0 pair of boots (worn)
 A - a +0 chain mail
 L - a +0 plate armour (worn)
Magical Staves
 n - a staff of air
 w - a staff of conjuration
 C - a staff of fire
Jewellery
 e - an amulet of guardian spirit (around neck)
 r - a +6 ring of dexterity (left hand)
 B - the amulet "Wuesor" {Acrobat Int+2}
   (You found it on level 5 of the Dungeon)

   [amulet of the acrobat]

   It increases your evasion while moving and waiting.
   Int:       It affects your intelligence (+2).
Wands
 p - a wand of iceblast (4)
 x - a wand of paralysis (2)
 M - a wand of flame (14)
Scrolls
 j - a scroll of torment
 l - a scroll of magic mapping
 u - a scroll of teleportation
 D - a scroll of immolation
 E - 2 scrolls of enchant armour
 G - a scroll of fog {unknown}
 N - a scroll of amnesia {unknown}
Potions
 f - a potion of cancellation
 g - a potion of flight
 t - a potion of brilliance


   Skills:
 + Level 9.3 Fighting
 + Level 6.5 Short Blades
 + Level 6.5 Long Blades
 + Level 8.0 Axes
 + Level 6.5 Maces & Flails
 + Level 6.5 Polearms
 + Level 6.5 Staves
 + Level 6.5 Slings
 + Level 6.5 Bows
 + Level 6.5 Crossbows
 + Level 6.5 Throwing
 + Level 9.3 Armour
 + Level 6.5 Dodging
 + Level 6.5 Stealth
 + Level 9.3 Shields
 + Level 6.5 Unarmed Combat
 + Level 6.5 Spellcasting
 + Level 5.4 Conjurations
 + Level 5.4 Hexes
 + Level 5.4 Summonings
 + Level 5.4 Necromancy
 + Level 5.4 Translocations
 + Level 5.4 Transmutations
 + Level 5.4 Fire Magic
 + Level 5.4 Ice Magic
 + Level 5.4 Air Magic
 + Level 5.4 Earth Magic
 + Level 5.4 Poison Magic
 + Level 7.1 Invocations
 + Level 6.5 Evocations


You had 17 spell levels left.
You knew the following spells:

 Your Spells              Type           Power      Damage    Failure   Level
a - Call Imp              Summ           21%        N/A       45%         2
b - Vampiric Draining     Necr           10%        2d7       71%         3
c - Animate Skeleton      Necr           42%        N/A       34%         1

Your spell library contained the following spells:

 Spells                   Type           Power      Damage    Failure   Level
 Apportation              Tloc           42%        N/A       34%         1
 Corona                   Hex            23%        N/A       34%         1
 Foxfire                  Conj/Fire      84%        2x1d8     34%         1
 Magic Dart               Conj           84%        1d7       34%         1
 Shock                    Conj/Air       84%        1d8       34%         1
 Summon Small Mammal      Summ           84%        N/A       34%         1
 Slow                     Hex            21%        N/A       45%         2
 Confusing Touch          Hex            21%        N/A       71%         3
 Conjure Flame            Conj/Fire      21%        6-21      71%         3
 Inner Flame              Hex/Fire       21%        N/A       71%         3
 Mephitic Cloud           Conj/Pois/Air  21%        N/A       71%         3
 Swiftness                Air            21%        N/A       71%         3
 Airstrike                Air            10%        N/A       98%         4
 Hailstorm                Conj/Ice       21%        3d6       98%         4
 Ice Form                 Ice/Tmut       21%        N/A       98%         4
 Simulacrum               Ice/Necr       10%        N/A       100%        6


Dungeon Overview and Level Annotations

Branches:
Dungeon (9/15)             Temple (1/1) D:6            Lair (1/6) D:9
    Orc (0/2) D:9

Altars:
Ashenzari
Cheibriados
Dithmenos
Elyvilon
Fedhas
Gozag
Hepliaklqana
Kikubaaqudgha
Makhleb
Nemelex Xobeh
Okawaru
Qazlal
Ru
Sif Muna
Trog
Uskayaw
Vehumet
Wu Jian
Xom
Yredelemnul
Zin
The Shining One

Shops:
D:5 (

Annotations:
D:2 1 runed translucent door, Crazy Yiuf
Lair:1 2 transporters, exclusion: ice statue, deafmute's ghost, journeyman DDFi


Innate Abilities, Weirdness & Mutations

You have very sharp teeth.
Your uncanny sense of smell can sniff out nearby items.
Your experience applies equally to all skills.


Message History

The black mamba is severely wounded.
* * * LOW HITPOINT WARNING * * *
You feel very sick.
The black mamba bites you but does no damage. x2
You sock the black mamba!
The black mamba is almost dead.
* * * LOW HITPOINT WARNING * * *
You feel very sick. The black mamba bites you!
* * * LOW HITPOINT WARNING * * *
You block the black mamba's attack.
You miss the black mamba.
The black mamba is almost dead.
* * * LOW HITPOINT WARNING * * *
You feel very sick. The black mamba bites you.
* * * LOW HITPOINT WARNING * * *
The black mamba barely misses you.
Okay, then.
You sock the black mamba!
You kill the black mamba!
Cheibriados thoroughly appreciates the change of pace.
* * * LOW HITPOINT WARNING * * *
You feel very sick.
As you read the scroll labelled GEVVUI MICAKOR, it crumbles to dust.
The air around you briefly surges with heat, but it dissipates.
It was a scroll of immolation.
* * * LOW HITPOINT WARNING * * *
You feel sick.
Okay, then.
Unknown command.
* * * LOW HITPOINT WARNING * * *
You feel sick.
* * * LOW HITPOINT WARNING * * *
You feel sick.
* * * LOW HITPOINT WARNING * * *
You feel sick.
* * * LOW HITPOINT WARNING * * *
You feel sick.
You die...

..... #. #...........##. #.
##..............
#.##.....(.........
#...#.................######
##.........# ................
#......?...##................
#.........#@..........#.....
#.........†.................
#..##......#................
#..###..#..#............#.##
#.###.......................
#.# ###..###..#........#....
#.##P##.## #.##....#.##...#
#.......# ##P...#####...#
#.P####P# #...###.#...P


There were no monsters in sight!

Vanquished Creatures
  Harold (D:7)
  2 hydras (Lair:1)
  Pikel (D:4)
  A black mamba (Lair:1)
  Joseph (D:6)
  3 cane toads (Lair:1)
  2 komodo dragons (Lair:1)
  A troll (D:9)
  A hornet (D:6)
  A wyvern (D:7)
  6 yaks (D:9)
  A basilisk (Lair:1)
  2 steam dragons (D:6)
  Edmund (D:4)
  4 water moccasins
  Duvessa (D:5)
  3 orc warriors
  A sky beast (D:5)
  2 ice beasts
  3 necrophages
  A black bear (Lair:1)
  5 ogres
  2 wolves
  2 centaurs
  3 bullfrogs
  Dowan (D:5)
  A gnoll sergeant (D:9)
  2 scorpions (D:7)
  A water moccasin skeleton (D:5)
  6 killer bees
  A wight (D:7)
  A howler monkey (D:7)
  2 electric eels (D:9)
  A bullfrog zombie (D:5)
  2 centaur zombies (D:9)
  10 hounds
  2 gnoll shamans
  2 orc priests
  3 jellies
  A bullfrog skeleton (D:6)
  2 centaur skeletons
  Natasha (twice) (D:2)
  3 iguanas
  4 orc wizards
  A scorpion zombie (D:5)
  A killer bee zombie (D:5)
  A howler monkey zombie (D:9)
  14 gnolls
  5 adders
  An ufetubus (D:6)
  3 adder skeletons (D:4)
  2 worms
  16 orcs
  4 ball pythons
  An endoplasm (D:2)
  4 giant cockroaches
  12 goblins
  8 hobgoblins
  9 jackals
  7 kobolds
  A quokka (D:5)
  4 bats
  7 frilled lizards (D:1)
  4 rats
203 creatures vanquished.

Vanquished Creatures (others)
  An adder (D:6)
  4 plants (D:1)
5 creatures vanquished.

Grand Total: 208 creatures vanquished

Notes
Turn   | Place    | Note
-------+----------+-------------------------------------------
     0 | D:1      | pokedragonboy the Gnoll Fighter began the quest for the
                  | Orb.
     0 | D:1      | Reached XP level 1. HP: 23/23 MP: 1/1
    91 | D:1      | Reached XP level 2. HP: 26/29 MP: 2/2
   877 | D:2      | Reached XP level 3. HP: 33/34 MP: 3/3
   887 | D:2      | Noticed Natasha
   891 | D:2      | Killed Natasha
   892 | D:2      | Reached skill level 1 in Invocations
  1046 | D:2      | Reached skill level 1 in Short Blades
  1046 | D:2      | Reached skill level 1 in Long Blades
  1046 | D:2      | Reached skill level 1 in Maces & Flails
  1046 | D:2      | Reached skill level 1 in Polearms
  1046 | D:2      | Reached skill level 1 in Staves
  1046 | D:2      | Reached skill level 1 in Slings
  1046 | D:2      | Reached skill level 1 in Bows
  1046 | D:2      | Reached skill level 1 in Crossbows
  1046 | D:2      | Reached skill level 1 in Throwing
  1046 | D:2      | Reached skill level 1 in Dodging
  1046 | D:2      | Reached skill level 1 in Stealth
  1046 | D:2      | Reached skill level 1 in Unarmed Combat
  1046 | D:2      | Reached skill level 1 in Spellcasting
  1046 | D:2      | Reached skill level 1 in Evocations
  1164 | D:2      | Noticed Natasha
  1172 | D:2      | Killed Natasha
  1173 | D:2      | Reached XP level 4. HP: 32/41 MP: 3/5
  1238 | D:2      | Reached skill level 1 in Conjurations
  1238 | D:2      | Reached skill level 1 in Hexes
  1238 | D:2      | Reached skill level 1 in Summonings
  1238 | D:2      | Reached skill level 1 in Necromancy
  1238 | D:2      | Reached skill level 1 in Translocations
  1238 | D:2      | Reached skill level 1 in Transmutations
  1238 | D:2      | Reached skill level 1 in Fire Magic
  1238 | D:2      | Reached skill level 1 in Ice Magic
  1238 | D:2      | Reached skill level 1 in Air Magic
  1238 | D:2      | Reached skill level 1 in Earth Magic
  1238 | D:2      | Reached skill level 1 in Poison Magic
  1275 | D:2      | Found a faded altar of an unknown god.
  1375 | D:2      | Found a runed translucent door.
  1376 | D:2      | Noticed Crazy Yiuf
  1806 | D:3      | Reached XP level 5. HP: 35/47 MP: 4/6
  2746 | D:4      | Noticed Edmund
  2968 | D:4      | Killed Edmund
  2969 | D:4      | Reached skill level 5 in Axes
  2969 | D:4      | Reached XP level 6. HP: 14/53 MP: 2/9
  3365 | D:4      | Identified the +1 scale mail of Tomorrow {Rampage Drain rC+
                  | Str+7}
  3369 | D:4      | Noticed a necrophage
  3381 | D:4      | Killed a necrophage
  3382 | D:4      | Reached XP level 7. HP: 52/59 MP: 8/10
  3494 | D:4      | Noticed Pikel
  3501 | D:4      | Paralysed by Pikel for 3 turns
  3507 | D:4      | Paralysed by Pikel for 3 turns
  3511 | D:4      | Killed Pikel
  3512 | D:4      | Reached XP level 8. HP: 55/67 MP: 9/12
  3761 | D:5      | Entered Level 5 of the Dungeon
  3782 | D:5      | Noticed Dowan
  3784 | D:5      | Noticed Duvessa
  4746 | D:5      | Learned a level 2 spell: Call Imp
  4860 | D:5      | Identified the amulet "Wuesor" {Acrobat Int+2}
  4928 | D:5      | Found Zoegio's Weapon Boutique.
  5052 | D:5      | Reached XP level 9. HP: 72/72 MP: 14/14
  5148 | D:5      | Killed Duvessa
  5162 | D:5      | Killed Dowan
  5297 | D:6      | Learned a level 3 spell: Vampiric Draining
  5312 | D:6      | Found a staircase to the Ecumenical Temple.
  5354 | Temple   | Entered the Ecumenical Temple
  5568 | Temple   | Became a worshipper of Cheibriados the Contemplative
  6276 | D:6      | Noticed a hornet
  6291 | D:6      | Killed a hornet
  7075 | D:7      | Noticed Joseph
  7098 | D:6      | Killed Joseph
  7099 | D:6      | Reached skill level 5 in Invocations
  7511 | D:7      | Reached XP level 10. HP: 80/80 MP: 17/17
  7511 | D:7      | Noticed Harold
  7543 | D:7      | HP: 3/80 [Harold (20)]
  7547 | D:7      | Killed Harold
  7548 | D:7      | Reached skill level 5 in Short Blades
  7548 | D:7      | Reached skill level 5 in Long Blades
  7548 | D:7      | Reached skill level 5 in Maces & Flails
  7548 | D:7      | Reached skill level 5 in Polearms
  7548 | D:7      | Reached skill level 5 in Staves
  7548 | D:7      | Reached skill level 5 in Slings
  7548 | D:7      | Reached skill level 5 in Bows
  7548 | D:7      | Reached skill level 5 in Crossbows
  7548 | D:7      | Reached skill level 5 in Throwing
  7548 | D:7      | Reached skill level 5 in Dodging
  7548 | D:7      | Reached skill level 5 in Stealth
  7548 | D:7      | Reached skill level 5 in Unarmed Combat
  7548 | D:7      | Reached skill level 5 in Spellcasting
  7548 | D:7      | Reached skill level 5 in Evocations
  7927 | D:7      | Reached * piety under Cheibriados
  9652 | D:8      | Reached ** piety under Cheibriados
  9671 | D:8      | Identified a scroll of acquirement
 10010 | D:8      | Found a burning altar of Makhleb.
 10199 | D:9      | Noticed a boulder beetle
 11210 | D:9      | Found a staircase to the Orcish Mines.
 11235 | D:9      | Found a staircase to the Lair.
 11245 | D:9      | Identified the +5 flail of Causality {vorpal, rElec rF-
                  | rCorr}
 11548 | D:9      | Acquired 873 gold pieces
 11692 | D:9      | Reached XP level 11. HP: 67/87 MP: 15/19
 11710 | D:9      | Reached *** piety under Cheibriados
 12145 | D:9      | Learned a level 1 spell: Animate Skeleton
 12496 | Lair:1   | Entered Level 1 of the Lair of Beasts
 12528 | Lair:1   | Reached skill level 5 in Conjurations
 12528 | Lair:1   | Reached skill level 5 in Hexes
 12528 | Lair:1   | Reached skill level 5 in Summonings
 12528 | Lair:1   | Reached skill level 5 in Necromancy
 12528 | Lair:1   | Reached skill level 5 in Translocations
 12528 | Lair:1   | Reached skill level 5 in Transmutations
 12528 | Lair:1   | Reached skill level 5 in Fire Magic
 12528 | Lair:1   | Reached skill level 5 in Ice Magic
 12528 | Lair:1   | Reached skill level 5 in Air Magic
 12528 | Lair:1   | Reached skill level 5 in Earth Magic
 12528 | Lair:1   | Reached skill level 5 in Poison Magic
 12542 | Lair:1   | Noticed deafmute's ghost (journeyman DDFi)
 12546 | Lair:1   | Found a transporter.
 12547 | Lair:1   | Noticed a lindwurm
 12549 | Lair:1   | Found a transporter.
 12565 | Lair:1   | Noticed a six-headed hydra
 12574 | Lair:1   | Killed a six-headed hydra
 13368 | Lair:1   | Noticed a five-headed hydra
 13376 | Lair:1   | Killed a five-headed hydra
 13754 | Lair:1   | HP: 4/89 [poisoned by a black mamba]
 13756 | Lair:1   | HP: 1/89 [poisoned by a black mamba]
 13758 | Lair:1   | Succumbed to a black mamba's poison

Illustrated notes

Levels and vault maps discovered:
D:1:      scummos_arrival_star, layout_loops_ring, minmay_lizard_king
D:2:      layout_basic, ebering_ecumenical_altar_petrified,
          serial_co_window_serial, co_window_corner_a, co_window_corner_a,
          co_window_paths_b, co_window_cross_1, co_window_paths_b,
          co_window_paths_b, co_window_cross_1, co_window_2corner,
          co_window_2corner, co_window_cross_4, co_window_paths_e,
          glass_columns_b, glass_columns_c, glass_columns_b, glass_columns_c,
          glass_columns_a, minmay_misc_feat_tiny, uniq_crazy_yiuf_cottage,
          uniq_natasha
D:3:      kennysheep_the_goblin_king, layout_rooms, minmay_misc_feat_doors,
          chequers_serial_rivers_small_3
D:4:      layout_basic, uniq_pikel, uniq_edmund
D:5:      layout_cave_pools, serial_shops, nicolae_square_shop, uniq_duvessa
D:6:      layout_cave_pools, minmay_temple_entry_sparse_star
D:7:      layout_loops_corners, st_stairs_9, uniq_joseph, uniq_harold
D:8:      layout_basic, lightli_temple_of_fire
D:9:      layout_big_octagon, erik_lair_island
Temple:   regret_index_temple_sigil_plot
Lair:1:   layout_gridlike, nzn_ghost_randoct, lemuel_fruit_tree

Skill      XL: |  1  2  3  4  5  6  7  8  9 10 11 |
---------------+----------------------------------+-----
Invocations    | 1 2 3 4 5 6 7 |  7.1
Short Blades   | 1 2 3 4 5 6 |  6.5
Long Blades    | 1 2 3 4 5 6 |  6.5
Maces & Flails | 1 2 3 4 5 6 |  6.5
Polearms       | 1 2 3 4 5 6 |  6.5
Staves         | 1 2 3 4 5 6 |  6.5
Slings         | 1 2 3 4 5 6 |  6.5
Bows           | 1 2 3 4 5 6 |  6.5
Crossbows      | 1 2 3 4 5 6 |  6.5
Throwing       | 1 2 3 4 5 6 |  6.5
Dodging        | 1 2 3 4 5 6 |  6.5
Stealth        | 1 2 3 4 5 6 |  6.5
Unarmed Combat | 1 2 3 4 5 6 |  6.5
Spellcasting   | 1 2 3 4 5 6 |  6.5
Evocations     | 1 2 3 4 5 6 |  6.5
Conjurations   | 1 2 3 4 5 |  5.4
Hexes          | 1 2 3 4 5 |  5.4
Summonings     | 1 2 3 4 5 |  5.4
Necromancy     | 1 2 3 4 5 |  5.4
Translocations | 1 2 3 4 5 |  5.4
Transmutations | 1 2 3 4 5 |  5.4
Fire Magic     | 1 2 3 4 5 |  5.4
Ice Magic      | 1 2 3 4 5 |  5.4
Air Magic      | 1 2 3 4 5 |  5.4
Earth Magic    | 1 2 3 4 5 |  5.4
Poison Magic   | 1 2 3 4 5 |  5.4
Axes           | 5 6 7 8 |  8.0
Fighting       | 7 8 9 |  9.3
Armour         | 7 8 9 |  9.3
Shields        | 7 8 9 |  9.3

Action                   |  1- 3 |  4- 6 |  7- 9 | 10-12 || total
-------------------------+-------+-------+-------+-------++-------
Melee: War axe           |    68 |   208 |   116 |       ||   392
       Bite              |     4 |    27 |    31 |    52 ||   114
       Flail             |       |       |   131 |   440 ||   571
       Demon trident     |       |       |    24 |       ||    24
 Fire: Hunting sling     |       |       |       |    25 ||    25
Throw: Boomerang         |       |       |    16 |    30 ||    46
 Cast: Animate Skeleton  |       |       |       |     1 ||     1
Invok: Bend Time         |       |       |       |     4 ||     4
Evoke: Wand              |       |       |       |     4 ||     4
  Use: Scroll            |       |     1 |     1 |    16 ||    18
       Potion            |       |     1 |     2 |     8 ||    11
Armor: Scale mail        |    42 |   103 |    75 |       ||   220
       Skin              |       |       |    20 |       ||    20
       Chain mail        |       |       |    45 |    30 ||    75
       Plate armour      |       |       |       |   245 ||   245
Dodge: Dodged            |    19 |    67 |   100 |   197 ||   383
Block: Kite shield       |    45 |    84 |   184 |   364 ||   677
